 Dungeon Crawl Stone Soup version 0.30-a0-329-g85436e0a43 (webtiles) character file.

Game seed: 7988313525929109768

76 Lobster4 the Conjurer (level 4, -1/36 HPs)
             Began as a Draconian Conjurer on Oct 28, 2022.
             Succumbed to an orc wizard's poison
             ... on level 2 of the Dungeon.
             The game lasted 00:04:29 (1239 turns).

Lobster4 the Conjurer (Draconian Conjurer)          Turns: 1239, Time: 00:04:29

Health: -1/36      AC:  5    Str:  9    XL:     4   Next: 12%
Magic:  4/7        EV: 12    Int: 18    God:
Gold:   48         SH:  0    Dex: 10    Spells: 5/8 levels left

rFire   . . .      SeeInvis .    a - +0 mace
rCold   . . .      Faith    .    (no shield)
rNeg    . . .      Spirit   .    (body armour unavailable)
rPois   .          Reflect  .    (helmet restricted)
rElec   .          Harm     .    (no cloak)
rCorr   .          Rampage  .    (no gloves)
Will    .....      Clarity  +    (no boots)
Stlth   ++........               (no amulet)
HPRegen 0.26/turn                (no ring)
MPRegen 0.10/turn                (no ring)

@: lethally poisoned (-1 -> -12)
A: AC +5, unfitting armour, cold-blooded, clarity, dopey 1, wild magic 1,
inability to read after injury 1
a: no special abilities


You were on level 2 of the Dungeon.
You visited 1 branch of the dungeon, and saw 2 of its levels.

You collected 48 gold pieces.

Inventory:

Hand Weapons
 a - a +0 mace (weapon)
 d - a +0 dagger
 f - a +0 short sword
Missiles
 g - 9 stones
Scrolls
 b - a scroll of blinking {unknown}
 i - a scroll of brand weapon {unknown}
 j - a scroll of summoning {unknown}
 k - a scroll of enchant weapon {unknown}
 l - a scroll of acquirement {unknown}
 p - a scroll of identify {unknown}
 q - a scroll of magic mapping {unknown}
Potions
 m - a potion of flight {unknown}
 n - a potion of brilliance {unknown}
 o - a potion of cancellation {unknown}
 r - a potion of degeneration {unknown}


   Skills:
 + Level 1.8 Fighting
 + Level 2.4 Dodging
 - Level 2.0 Stealth
 + Level 2.6 Spellcasting
 + Level 4.4 Conjurations


You had 5 spell levels left.
You knew the following spells:

 Your Spells              Type           Power      Damage    Failure   Level
a - Magic Dart            Conj           92%        1d7       4%          1
b - Searing Ray           Conj           46%        2d6       7%          2

Your spell library contained the following spells:

 Spells                   Type           Power      Damage    Failure   Level
 Slow                     Hex            12%        N/A       24%         1
 Dazzling Flash           Conj/Hex       26%        N/A       28%         3
 Confusing Touch          Hex            3%         N/A       54%         3
 Vampiric Draining        Necr           3%         2d6       54%         3
 Fulminant Prism          Conj/Hex       6%         3d7       65%         4
 Iskenderun's Mystic Bla  Conj/Tloc      13%        2d5       65%         4


Dungeon Overview and Level Annotations

Branches:
Dungeon (2/15)

Altars:


Innate Abilities, Weirdness & Mutations

Your plain brown scales are hard. (AC +5)
You cannot fit into any form of body armour.
You are cold-blooded and may be slowed by cold attacks.
You possess an exceptional clarity of mind.
You are dopey. (Int -2)
Your spells are a little harder to cast, but a little more powerful.
You occasionally lose the ability to read scrolls when taking damage.


Message History

The hobgoblin barely misses you.
The searing ray hits something.
The searing ray misses the orc wizard.
You feel very sick.
Something barely misses the hobgoblin.
The hobgoblin closely misses you.
Without enough magic to sustain it, your searing ray dissipates.
You feel very sick. The hobgoblin barely misses you.
Something closely misses the hobgoblin.
The orc wizard points at you and mumbles some strange words.
Magic courses through your body.
You feel sick. Something hits you.
You are lethally poisoned!
The hobgoblin hits you but does no damage.
Casting: Searing Ray (safe; 3% risk of failure)
Confirm with . or Enter, or press ? or * to list all spells.
Aiming: Searing Ray (safe; 3% risk of failure)
Press: ? - help, Shift-Dir - straight line, f/p - orc wizard
Aim: an orc wizard, wielding a +0 dagger and wearing a +0 robe (moderately wounded, 72% to hit)
The searing ray hits something.
The searing ray hits the orc wizard but does no damage.
The orc wizard is moderately wounded. (Press . to maintain the ray.)
* * * LOW HITPOINT WARNING * * *
You feel very sick. The hobgoblin hits you.
* * * LOW HITPOINT WARNING * * *
The orc wizard gestures at you while chanting.
The searing ray hits something.
Reactivating autopickup.
You feel a bit more experienced.
The searing ray hits the orc wizard.
The orc wizard is heavily wounded.
* * * LOW HITPOINT WARNING * * *
You feel very sick. The hobgoblin hits you.
* * * LOW HITPOINT WARNING * * *
You have reached level 4!
You feel agile.
It was a potion of mutation.
You feel extremely strange.
You occasionally lose the ability to read scrolls when taking damage.
You feel stupid.
Your thoughts seem clearer.
You feel less in control of your magic.
You die...

...###.# #.# #.....#
...# #.# #.# ####..##.#
...# #.# #.# #....## #
...#
#.####.###o.#.....####
...#
#...........#..........
...#
#####).>..###..........
...#
#.#.....#..........
...# #.#.###o#.........
..## #.#.#<#@g.........
### #.#.#.###.....#####
#.....###..........
#..g......#....#..
#.........##......o
#.........# ....o..
#.........# ....)..
#.........# #..#.o.
#.........# ... ..


You could see an orc wizard and a hobgoblin.

Vanquished Creatures
  An orc wizard (D:2)
  2 adders (D:2)
  A dart slug (D:1)
  3 orcs (D:2)
  A ball python (D:1)
  3 endoplasms
  2 giant cockroaches (D:1)
  4 goblins
  2 hobgoblins (D:1)
  6 kobolds
  A quokka (D:1)
  3 bats (D:1)
  2 frilled lizards
  2 rats
33 creatures vanquished.

Notes
Turn   | Place    | Note
-------+----------+-------------------------------------------
     0 | D:1      | Lobster4 the Draconian Conjurer began the quest for the
                  | Orb.
     0 | D:1      | Reached XP level 1. HP: 14/14 MP: 3/3
   228 | D:1      | Reached XP level 2. HP: 22/22 MP: 1/5
   426 | D:1      | Reached skill level 1 in Fighting
   908 | D:2      | Reached XP level 3. HP: 28/28 MP: 2/6
   929 | D:2      | Learned a level 2 spell: Searing Ray
  1238 | D:2      | HP: 1/28 [hobgoblin (2)]
  1239 | D:2      | Reached XP level 4. HP: 2/36 MP: 4/7
  1239 | D:2      | Gained mutation: You occasionally lose the ability to read
                  | scrolls when taking damage. [potion of mutation]
  1239 | D:2      | Gained mutation: You are dopey. (Int -2) [potion of
                  | mutation]
  1239 | D:2      | Gained mutation: You possess an exceptional clarity of
                  | mind. [potion of mutation]
  1239 | D:2      | Gained mutation: Your spells are a little harder to cast,
                  | but a little more powerful. [potion of mutation]
  1239 | D:2      | Succumbed to an orc wizard's poison

Illustrated notes

Levels and vault maps discovered:
D:1:      dpeg_arrival_orchard, layout_rooms
D:2:      cheibrodos_pilgrimage, layout_basic, serial_shops,
          nicolae_shop_statue_plus, moated_statue, minmay_rat_gold_closets,
          uniq_crazy_yiuf_cottage

Skill      XL: |  1  2 |
---------------+-------+-----
Stealth        | 2 |  2.0
Dodging        | 2 |  2.4
Fighting       | 1 |  1.8
Spellcasting   | |  2.6
Conjurations   | |  4.4

Action                   |  1- 3 |  4- 6 || total
-------------------------+-------+-------++-------
Melee: Short sword       |     1 |       ||     1
       Mace              |     7 |       ||     7
       Tailslap          |     1 |       ||     1
 Cast: Magic Dart        |    57 |       ||    57
       Searing Ray       |     5 |       ||     5
  Use: Potion            |     3 |     1 ||     4
Armor: Skin              |     8 |       ||     8
Dodge: Dodged            |    21 |       ||    21

Table legend: (Time is in decaauts)
 A = Elapsed time spent in this place.
 B = Non-inter-level travel time spent in this place.
 C = Inter-level travel time spent in this place.
 D = Time resting spent in this place.
 E = Time spent auto-exploring this place.
 F = Levels seen in this place.
 G = Mean time per level.
                   A        B        C        D        E       F      G
               +--------+--------+--------+--------+--------+-----+--------+
         Total |   1240 |   1197 |     43 |    305 |    618 |   2 |  620.0 |
       Dungeon |   1240 |   1197 |     43 |    305 |    618 |   2 |  620.0 |
               +--------+--------+--------+--------+--------+-----+--------+

Top non-repeatable levels by time:
     D:1: 797 daAuts
     D:2: 443 daAuts
